Map: Pride of Altaris LE

Players

hyunDrax

  • Race: Protoss Protoss
  • League: Silver
  • Spawn Location: 5:00

Pumba - Winner!

  • Race: Protoss Protoss
  • League: Silver
  • Spawn Location: 11:00

VOD

Have the link to the VOD?

Description

Time

  • Played on: Jan. 25, 2022, 7:07 p.m.
  • Length: 10:35
Show
View Real Time Build Order
Export as new Build Order

hyunDrax Protoss 

Build Orders:  

Get SALT Encoding   

  12  0:02  Probe (Chrono Boost)  
  13  0:12  Probe (Chrono Boost)  
  14  0:17  Probe (Chrono Boost)  
  15  0:28  Pylon  
  15  0:51  Gateway  
  15  0:53  Forge  
  15  0:57  Assimilator  
  15  1:01  Probe  
  16  1:13  Probe  
  17  1:22  Pylon  
  17  1:43  Photon Cannon  
  16  2:10  Probe  
  17  2:16  Gateway, Pylon  
  17  2:17  Gateway  
  17  2:19  Assimilator  
  17  2:22  Probe  
  18  2:34  Probe  
  19  2:40  Cybernetics Core  
  19  2:46  Probe (Chrono Boost)  
  20  2:55  Probe (Chrono Boost)  
  21  3:00  Probe (Chrono Boost)  
  21  3:02  Pylon  
  22  3:12  Probe  
  23  3:18  Warp Gate  
  23  3:24  Probe  
  24  3:36  Probe  
  24  3:38  Robotics Facility  
  24  3:40  Robotics Facility  
  25  3:46  Robotics Facility  
  25  3:48  Probe  
  26  3:57  Stalker  
  26  4:01  Probe  
  29  4:03  Stalker  
  31  4:11  Pylon  
  31  4:14  Photon Cannon  
  31  4:46  Nexus  
  31  4:47  Pylon  
  31  4:52  Pylon  
  31  4:53  Assimilator  
  31  4:58  Probe  
  32  5:07  Stalker  
  32  5:10  Probe  
  35  5:29  Shield Battery  
  35  5:31  Immortal  
  35  5:32  Shield Battery  
  39  5:46  Immortal  
  43  6:01  Immortal  
  47  6:07  Probe x2 (Chrono Boost)  
  49  6:24  Observer  
  50  6:26  Immortal  
  54  6:38  Pylon  
  54  6:40  Observer  
  54  6:43  Twilight Council  
  54  6:46  Pylon  
  55  7:00  Robotics Bay  
  55  7:07  Immortal  
  63  7:08  Immortal  
  63  7:16  Stalker  
  65  7:24  Stalker  
  65  7:28  Probe (Chrono Boost)  
  69  7:32  Probe (Chrono Boost)  
  69  7:39  Probe (Chrono Boost)  
  69  7:42  Probe (Chrono Boost)  
  71  7:50  Photon Cannon  
  71  7:52  Photon Cannon  
  71  7:55  Pylon  
  31  8:23  Zealot  
  31  8:24  Zealot x2  
  34  8:39  Photon Cannon  
  34  8:40  Photon Cannon  
  28  8:47  Photon Cannon  
Show
View Real Time Build Order
Export as new Build Order

Pumba Protoss - Winner!

Build Orders: 1 Gate Expand, Zealot Archon 

Get SALT Encoding   

  12  0:00  Probe  
  13  0:12  Probe  
  14  0:22  Pylon  
  14  0:25  Probe  
  15  0:40  Probe (Chrono Boost)  
  16  0:43  Gateway  
  16  0:48  Assimilator  
  16  0:52  Probe (Chrono Boost)  
  17  0:57  Probe (Chrono Boost)  
  18  1:06  Probe  
  19  1:18  Probe  
  20  1:27  Nexus  
  20  1:37  Probe  
  21  1:40  Cybernetics Core  
  20  1:55  Probe  
  20  2:01  Pylon  
  21  2:03  Assimilator  
  21  2:08  Zealot (Chrono Boost)  
  23  2:15  Warp Gate (Chrono Boost)  
  23  2:19  Probe  
  24  2:31  Probe (Chrono Boost)  
  24  2:32  Stalker (Chrono Boost)  
  27  2:41  Probe (Chrono Boost)  
  29  2:49  Probe (Chrono Boost)  
  29  2:50  Probe (Chrono Boost)  
  30  2:52  Robotics Facility  
  30  2:56  Probe x2  
  30  2:57  Stalker  
  34  3:08  Probe x2  
  36  3:16  Gateway  
  36  3:18  Gateway  
  36  3:28  Probe, Pylon  
  36  3:29  Probe  
  38  3:42  Observer (Chrono Boost)  
  38  3:43  Probe  
  38  3:44  Probe  
  41  3:55  Probe  
  41  3:56  Probe  
  41  3:59  Pylon  
  41  4:00  Immortal (Chrono Boost)  
  47  4:08  Probe  
  48  4:13  Stalker x3  
  55  4:17  Probe  
  55  4:18  Pylon  
  55  4:31  Probe  
  56  4:34  Twilight Council, Probe  
  56  4:37  Assimilator  
  57  4:40  Assimilator  
  57  4:43  Probe  
  58  4:58  Probe  
  58  4:59  Probe  
  60  5:09  Gateway  
  60  5:10  Probe  
  60  5:12  Gateway  
  61  5:15  Gateway x2  
  61  5:17  Gateway  
  61  5:19  Gateway  
  61  5:23  Charge (Chrono Boost), Gateway  
  61  5:24  Observer  
  61  5:30  Templar Archives  
  61  5:35  Pylon  
  61  5:38  Pylon  
  61  5:41  Pylon  
  61  5:42  Pylon  
  61  5:46  Immortal (Chrono Boost)  
  65  6:17  Zealot x9  
  83  6:20  Warp Prism (Chrono Boost)  
  85  6:27  Pylon  
  85  6:33  Pylon  
  85  6:46  Probe  
  86  6:55  Probe  
  86  7:00  Forge  
  87  7:03  Nexus, Forge  
  87  7:04  Pylon  
  87  7:19  Probe x2  
  89  7:30  High Templar x9  
  89  7:31  Probe  
  89  7:35  Archon x4  
  108  7:37  High Templar  
  108  7:41  Archon  
  100  8:09  Zealot x6  
  100  8:10  Zealot x4  
  116  9:11  Probe x2  
  116  9:12  Probe  
  116  9:15  Assimilator  
  116  9:19  Assimilator, Pylon  
  116  9:21  High Templar x2  
  116  9:22  High Templar x4, Pylon  
  116  9:23  Zealot x4, Probe x2  
  116  9:26  Archon x2  
  116  9:27  Archon  
  116  9:37  Probe x3  
  116  9:49  Probe  
  116  9:55  Probe  
  116  9:56  Probe  
  116  10:02  Pylon  
  116  10:04  Nexus, Pylon  
  116  10:05  Pylon  
  116  10:06  Pylon  
  116  10:08  Sentry, Pylon  
  116  10:11  Zealot x4  
Tags
 
Add a new tag
Caveats
  • Supply blocks, unpowered buildings, or Contaminate may cause inaccurate times.
  • Supply counts are checked every 10 seconds.